 Dungeon Crawl Stone Soup version 0.30.0-29-ga12c61a403 (webtiles) character file.

Game seed: 4930099444767225068

28 hawla the Firebug (level 3, -1/26 HPs)
             Began as a Meteoran Fire Elementalist on June 8, 2023.
             Slain by Terence
             ... wielding a +0 hand axe
              (6 damage)
             ... on level 2 of the Dungeon.
             The game lasted 00:03:38 (440 turns).

hawla the Firebug (Meteoran Fire Elementalist)       Turns: 440, Time: 00:03:39

Health: -1/26      AC:  4    Str:  9    XL:     3   Next: 47%
Magic:  0/8        EV: 12    Int: 18    God:
Gold:   42         SH:  0    Dex: 15    Spells: 5/8 levels left

rFire   . . .        h - +10 spear "Spiderslayer" {elec, rCorr Stlth+}
rCold   . . .        (no shield)
rNeg    . . .        a - +0 robe
rPois   .            i - +2 hat
rElec   .            (no cloak)
rCorr   +            (no gloves)
SInv    .            (no boots)
Will    .....        (no amulet)
Stlth   +            (no ring)
HPRegen 0.24/turn    (no ring)
MPRegen 0.11/turn

%: no passive effects
@: glowing
A: sense surroundings 1, otherworldly, glowing, explore regen
a: no special abilities


You were on level 2 of the Dungeon.
You visited 1 branch of the dungeon, and saw 2 of its levels.

You collected 42 gold pieces.

Inventory:

Hand Weapons
 h - the +10 spear "Spiderslayer" (weapon) {elec, rCorr Stlth+}
   (You found it on level 2 of the Dungeon)

   rCorr:     It protects you from acid and corrosion.
   Stlth:     It makes you more stealthy.
Armour
 a - a +0 robe (worn)
 i - a +2 hat (worn)
Scrolls
 e - a scroll of identify {unknown}
 f - a scroll of torment {unknown}
 g - a scroll of teleportation {unknown}
Potions
 b - 2 potions of magic
 c - a potion of curing {unknown}
 d - a potion of degeneration {unknown}


   Skills:
 + Level 2.6 Dodging
 + Level 1.4 Stealth
 + Level 3.1 Spellcasting
 + Level 1.8 Conjurations
 + Level 4.4 Fire Magic


You had 5 spell levels left.
You knew the following spells:

 Your Spells              Type           Power      Damage    Failure   Level
a - Foxfire               Conj/Fire      56%        2x1d6     4%          1
b - Scorch                Fire           36%        2d6       4%          2

Your spell library contained the following spells:

 Spells                   Type           Power      Damage    Failure   Level
 Magic Dart               Conj           36%        1d4       8%          1
 Searing Ray              Conj           18%        2d5       12%         2
 Summon Small Mammal      Summ           8%         N/A       16%         1
 Inner Flame              Hex/Fire       10%        N/A       19%         3
 Volatile Blastmotes      Fire/Tloc      20%        2d11      19%         3
 Flame Wave               Conj/Fire      14%        2d6       41%         4
 Call Canine Familiar     Summ           2%         N/A       43%         3
 Summon Guardian Golem    Hex/Summ       2%         N/A       43%         3
 Fulminant Prism          Conj/Hex       3%         3d5       73%         4


Dungeon Overview and Level Annotations

Branches:
Dungeon (2/15) Zot: 759

Altars:

Annotations:
D:2 Terence


Innate Abilities, Weirdness & Mutations

You passively map a small area around you.
You are easily found by Zot.
You glow in the dark.
You regain HP and MP as you explore.


Message History

Terence is moderately wounded.
Terence's fire resistance burns away.
The foxfire hits Terence!
Terence is burned terribly!
Terence is severely wounded.
Casting: Scorch (safe; 4% risk of failure)
Confirm with . or Enter, or press ? or * to list all spells.
Flames lash Terence.
Terence is burned terribly!
Terence is almost dead.
Your foxfire dissipates!
Unknown command.
Casting: Scorch (safe; 4% risk of failure)
Confirm with . or Enter, or press ? or * to list all spells.
You conjure some foxfire!
Press: ? - help, v - describe, . - travel
Here: Terence, wielding a +0 hand axe and wearing a +0 scale mail (almost dead, more vulnerable to fire, ally target)
The floor.
The foxfire hits Terence but does no damage.
Terence is almost dead.
The foxfire hits Terence but does no damage.
Terence is almost dead.
A ball python comes into view.
Terence hits you with a +0 hand axe!
Unknown command.
Casting: Foxfire (safe; 4% risk of failure)
Confirm with . or Enter, or press ? or * to list all spells.
You conjure some foxfire!
The ball python hisses angrily.
Terence hits you with a +0 hand axe.
Terence hits your foxfire with a +0 hand axe.
The foxfire hits Terence but does no damage.
Terence is almost dead.
The foxfire hits Terence but does no damage.
Terence is almost dead.
Terence hits you with a +0 hand axe!
* * * LOW HITPOINT WARNING * * *
Unknown command.
Casting: Foxfire (safe; 4% risk of failure)
Confirm with . or Enter, or press ? or * to list all spells.
You conjure some foxfire!
Terence hits you with a +0 hand axe.
You die...

* #..................#...
...................##†#
........#..........##.. ,
#...................).
##.....##†.........>...
*#.......##............)
##.......#..........###.
.......§v...............
....>..@##....†.........
.......@v...............
..<.#................§..
.........##.............
*###.#)..S...............
#..####..###.........#.
...,, ##.# ###(........
.. ,* .# #.#....#.. ,
*#.##...##<


You could see Terence (combustible, ally target) and a ball python.

Vanquished Creatures
  A worm (D:2)
  6 endoplasms
  A giant cockroach (D:1)
  2 goblins
  2 hobgoblins (D:2)
  A kobold (D:2)
  2 quokkas
  4 ball pythons
  2 bats (D:2)
  2 rats
23 creatures vanquished.

Vanquished Creatures (others)
  79 foxfires
79 creatures vanquished.

Grand Total: 102 creatures vanquished

Notes
Turn   | Place    | Note
-------+----------+-------------------------------------------
     0 | D:1      | hawla the Meteoran Fire Elementalist began the quest for
                  | the Orb.
     0 | D:1      | Reached XP level 1. HP: 14/14 MP: 5/5
   134 | D:1      | Reached XP level 2. HP: 14/20 MP: 1/6
   169 | D:1      | Reached skill level 4 in Fire Magic
   301 | D:2      | Reached XP level 3. HP: 13/26 MP: 0/8
   364 | D:2      | Learned a level 2 spell: Scorch
   383 | D:2      | Identified the +10 spear "Spiderslayer" {elec, rCorr
                  | Stlth+}
   431 | D:2      | Noticed Terence
   440 | D:2      | Slain by Terence

Illustrated notes

Levels and vault maps discovered:
D:1:      psy_arrival_wood_between_worlds, layout_loops_ring,
          dreamdust_ecumenical_altar_statues
D:2:      layout_rooms, minmay_tripent, uniq_terence, uniq_sigmund, uniq_jessica

Skill      XL: |  1  2 |
---------------+-------+-----
Fire Magic     | 4 |  4.4
Spellcasting   | 3 |  3.1
Dodging        | |  2.6
Stealth        | |  1.4
Conjurations   | |  1.8

Action                     || total
---------------------------++-------
  Melee: Unarmed           ||    17
   Cast: Foxfire           ||    46
         Scorch            ||     2
 Armour: Robe              ||     3
  Dodge: Dodged            ||    11
